 Dungeon Crawl Stone Soup version 0.30-a0-626-gd6a5dd7a1f (webtiles) character file.

Game seed: 6071333793840299228

121 bmack86 the Trooper (level 4, -5/41 HPs)
             Began as a Minotaur Fighter on Jan 11, 2023.
             Killed by nerve-wracking pain
             ... invoked by a shadow imp
             ... summoned by Natasha
              (8 damage)
             ... on level 2 of the Dungeon.
             The game lasted 00:05:29 (1327 turns).

bmack86 the Trooper (Minotaur Fighter)              Turns: 1327, Time: 00:05:30

Health: -5/41      AC:  7    Str: 23    XL:     4   Next: 76%
Magic:  3/3        EV:  9    Int:  5    God:
Gold:   197        SH:  4    Dex:  9    Spells: 3/3 levels left

rFire   . . .      SeeInvis .    a - +0 war axe
rCold   . . .      Faith    .    c - +0 buckler
rNeg    . . .      Spirit   .    b - +0 scale mail
rPois   .          Reflect  .    (helmet restricted)
rElec   .          Harm     .    (no cloak)
rCorr   .          Rampage  .    (no gloves)
Will    .....                    (no boots) Stlth
                                 (no amulet)
HPRegen 0.26/turn                (no ring)
MPRegen 0.08/turn                (no ring)

@: slowed, very slow
A: horns 2, retaliatory headbutt
a: no special abilities


You were on level 2 of the Dungeon.
You visited 1 branch of the dungeon, and saw 2 of its levels.

You collected 197 gold pieces.

Inventory:

Hand Weapons
 a - a +0 war axe (weapon)
Missiles
 l - 2 poisoned darts (quivered)
Armour
 b - a +0 scale mail (worn)
 c - a +0 buckler (worn)
 m - the +3 tower shield of Pantheism {Contam Rampage Int+4 Dex+2 Stlth+}
   (You found it on level 2 of the Dungeon)

   Int:       It affects your intelligence (+4).
   Dex:       It affects your dexterity (+2).
   Contam:    It causes magical contamination when unequipped.
   Rampage:   It bestows one free step when moving towards enemies.
   Stlth:     It makes you more stealthy.
Scrolls
 e - 4 scrolls of identify {unknown}
 h - a scroll of enchant weapon {unknown}
 i - a scroll of blinking {unknown}
 j - a scroll of vulnerability {unknown}
 n - a scroll of teleportation {unknown}
 o - a scroll of fear {unknown}
Potions
 d - a potion of might
 f - a potion of heal wounds {unknown}
 g - a potion of berserk rage {unknown}
 k - a potion of magic {unknown}


   Skills:
 * Level 4.9 Fighting
 * Level 4.0 Axes
 + Level 0.4 Throwing
 + Level 4.2 Armour
 + Level 4.2 Shields


You had 3 spell levels left.
You didn't know any spells.
Your spell library contained the following spells:

 Spells                   Type           Power      Damage    Failure   Level
 Portal Projectile        Hex/Tloc       0%         N/A       99%         3
 Tukima's Dance           Hex            0%         N/A       99%         3
 Passage of Golubria      Tloc           0%         N/A       100%        4
 Blade Hands              Tmut           0%         N/A       100%        5
 Iskenderun's Battlesphe  Conj           0%         2d6       100%        5
 Yara's Violent Unravell  Hex/Tmut       0%         3d3       100%        5
 Iron Shot                Conj/Erth      0%         9d1       100%        6
 Spellforged Servitor     Conj/Summ      0%         N/A       100%        7


Dungeon Overview and Level Annotations

Branches:
Dungeon (2/15)

Altars:

Shops:
D:2 =

Annotations:
D:2 Natasha


Innate Abilities, Weirdness & Mutations

You have a pair of horns on your head.
You reflexively headbutt those who attack you in melee.


Message History

Natasha howls an incantation.
Natasha shimmers violently.
Natasha casts a spell at you.
You feel yourself slow down.
The crimson imp blinks!
Natasha stares at you and mumbles some strange words.
The magic dart hits you!
You slash Natasha!
Natasha is heavily wounded.
You closely miss the white imp. The white imp gestures at you.
The puff of frost hits you! Natasha misses you.
You block the white imp's attack. The crimson imp hits you.
Natasha closely misses you.
You slash Natasha!
Natasha is almost dead.
You hit the crimson imp but do no damage.
You completely miss the white imp. The white imp misses you.
The crimson imp hits you.
Natasha casts a spell.
The white imp gestures at you. The puff of frost misses you.
The crimson imp hits you but does no damage.
You block Natasha's attack.
You hit Natasha but do no damage.
Natasha is almost dead.
You closely miss the crimson imp. You closely miss the white imp.
You closely miss the shadow imp.
The white imp hits you but does no damage.
The crimson imp barely misses you.
Natasha stares at you and mumbles some strange words.
The magic dart hits you.
* * * LOW HITPOINT WARNING * * *
The shadow imp hits you.
* * * LOW HITPOINT WARNING * * *
The white imp closely misses you. You furiously retaliate!
You headbutt the white imp. The crimson imp closely misses you.
Natasha claws you.
* * * LOW HITPOINT WARNING * * *
The shadow imp gestures at you. Pain shoots through your body!
You die... #.## #..# #.#.....#.....#.## # #_# #..# #.##....#.....#..## # #P## #..###.###...'.(...'...### PPP## #..##..####..#.....#....## PPPP#

#..##..#.###.#.....#.....#
PPPP####..##..#..######†####....#
PP.P#.##..###.'.†.###.....###...'
PPPP##....##..#.55.###.....###..#
#'###.###.##..#.@h..###.....###.#
#(##.## #.##..##5....###.....####
#....# #.##..###.....###.....###
####.# #.....#####'#######'####.
#.# ####..................... #.#
#..............######.# #.#
#.....>...#...## #.# #.#
#.#.....#......######.# #.#
#.#####................


You could see Natasha, a crimson imp (summoned), a white imp (summoned) and a
shadow imp (summoned).

Vanquished Creatures
  Natasha (D:2)
  Robin (D:2)
  2 adders (D:2)
  A worm (D:2)
  4 dart slugs
  3 ball pythons (D:1)
  3 endoplasms
  A giant cockroach (D:2)
  8 goblins
  11 hobgoblins
  4 jackals (D:1)
  3 kobolds (D:1)
  3 quokkas
  A bat (D:1)
  2 frilled lizards
  4 rats
52 creatures vanquished.

Notes
Turn   | Place    | Note
-------+----------+-------------------------------------------
     0 | D:1      | bmack86 the Minotaur Fighter began the quest for the Orb.
     0 | D:1      | Reached XP level 1. HP: 19/19 MP: 0/0
    40 | D:1      | Reached XP level 2. HP: 22/27 MP: 1/1
   257 | D:1      | Reached XP level 3. HP: 33/33 MP: 2/2
   743 | D:2      | Noticed Robin
   845 | D:2      | Killed Robin
   865 | D:2      | Reached XP level 4. HP: 39/41 MP: 3/3
   920 | D:2      | Found a faded altar of an unknown god.
  1072 | D:2      | Found Fonwyh Inupp's Jewellery Shop.
  1111 | D:2      | Identified the +3 tower shield of Pantheism {Contam Rampage
                  | Int+4 Dex+2 Stlth+}
  1256 | D:2      | Noticed Natasha
  1263 | D:2      | Killed Natasha
  1316 | D:2      | Noticed Natasha
  1327 | D:2      | Killed from afar by a shadow imp

Illustrated notes

Levels and vault maps discovered:
D:1:      ncdulo_wetmaze, layout_loops_ring, minmay_stone_trees_small
D:2:      layout_loops_ring, basic_altar, serial_shops,
          nicolae_shop_statue_plus, shapermc_ecumenical_altar_flowoftime,
          mrwooster_statue_mirror, chequers_serial_rivers_micro_c,
          minmay_quadrilaterals, uniq_natasha, uniq_robin

Skill      XL: |  1  2  3  4 |
---------------+-------------+-----
Fighting       | 4 |  4.9
Axes           | 3 4 |  4.0
Shields        | 4 |  4.2
Armour         | 4 |  4.2
Throwing       | |  0.4

Action                   |  1- 3 |  4- 6 || total
-------------------------+-------+-------++-------
Melee: War axe           |    87 |    26 ||   113
       Headbutt          |     9 |     2 ||    11
Armor: Scale mail        |    49 |    10 ||    59
Dodge: Dodged            |    51 |    18 ||    69
Block: Buckler           |    31 |     4 ||    35

Table legend: (Time is in decaauts)
 A = Elapsed time spent in this place.
 B = Non-inter-level travel time spent in this place.
 C = Inter-level travel time spent in this place.
 D = Time resting spent in this place.
 E = Time spent auto-exploring this place.
 F = Levels seen in this place.
 G = Mean time per level.
                   A        B        C        D        E       F      G
               +--------+--------+--------+--------+--------+-----+--------+
         Total |   1380 |   1371 |      9 |     48 |    889 |   2 |  690.0 |
       Dungeon |   1380 |   1371 |      9 |     48 |    889 |   2 |  690.0 |
               +--------+--------+--------+--------+--------+-----+--------+

Top non-repeatable levels by time:
     D:1: 847 daAuts
     D:2: 532 daAuts
